 Dungeon Crawl Stone Soup version 0.28-a0-1594-ga885d4b3d6 (webtiles) character file.

Game seed: 10503243790724481015

1 fragbeetle the Chopper (level 1, 0/19 HPs)
             Began as a Hill Orc Monk on Jan 20, 2022.
             Slain by a kobold (4 damage)
             ... on level 1 of the Dungeon.
             The game lasted 00:00:18 (18 turns).

fragbeetle the Chopper (Hill Orc Monk)                Turns: 18, Time: 00:00:18

Health: 0/19       AC:  2    Str: 13    XL:     1   Next: 20%
Magic:  1/1        EV: 12    Int: 10    God:
Gold:   0          SH:  0    Dex: 13    Spells: 0/0 levels left

rFire   . . .      SeeInvis .   a - +0 hand axe
rCold   . . .      Faith    .   (no shield)
rNeg    . . .      Spirit   .   b - +0 robe
rPois   .          Reflect  .   (no helmet)
rElec   .          Harm     .   (no cloak)
rCorr   .          Rampage  .   (no gloves)
Will    .....                   (no boots)
Stlth   ++........              (no amulet)
HPRegen 0.06/turn               (no ring)
MPRegen 0.07/turn               (no ring)

@: no status effects
A: no striking features
a: no special abilities


You were on level 1 of the Dungeon.
You visited 1 branch of the dungeon, and saw 1 of its levels.

Inventory:

Hand Weapons
 a - a +0 hand axe (weapon)
Armour
 b - a +0 robe (worn)
Potions
 c - a potion of lignification {unknown}


   Skills:
 + Level 3.6 Fighting
 * Level 4.0 Axes
 + Level 0.0 Armour
 + Level 2.4 Dodging
 - Level 1.5 Stealth


You couldn't memorise any spells.
You didn't know any spells.
Your spell library was empty.

Dungeon Overview and Level Annotations

Branches:
Dungeon (1/15)

Altars:


Message History

Welcome, fragbeetle the Hill Orc Monk.
The Orb of Zot is coveted for many reasons.
Will you seize it for your own?
Press ? for a list of commands and other information.
Found a fizzy purple potion.
Found a staircase leading out of the dungeon.
Unknown command.
A rat and a kobold come into view.
You see here a fizzy purple potion.
c - a fizzy purple potion A kobold comes into view.
It is wielding a +0 whip.
You hit the rat.
You kill the rat!
The kobold shouts!
The kobold misses you.
You hit the kobold but do no damage. You punch the kobold, but do no damage.
The kobold barely misses you.
A frilled lizard comes into view.
The frilled lizard hisses angrily.
You hit the kobold but do no damage. The kobold barely misses you.
You closely miss the kobold.
An endoplasm comes into view.
The kobold hits you with a +0 whip.
You closely miss the kobold. The kobold hits you with a +0 whip.
The endoplasm quivers.
You hit the kobold but do no damage. You hit the frilled lizard.
You kill the frilled lizard!
The kobold hits you with a +0 whip.
You hit the kobold but do no damage. The kobold hits you with a +0 whip.
* * * LOW HITPOINT WARNING * * *
You hit the kobold.
The kobold is heavily wounded.
The kobold closely misses you.
You completely miss the kobold.
The kobold is heavily wounded.
You hit the endoplasm but do no damage. The kobold misses you.
The endoplasm closely misses you. The kobold hits you with a +0 whip.
You die...

#. .....#.....#....
#.. ......#...#.....
#.. ...............
#..######...<...###
###...................
............#...#.....
#.......#.....#....
##......#...#...#...
#..K@..#....#....#..
#..J..#.....#.....#.
#......#......#......
##............# .....
#...#........# $...
......##........
....... ..........
.......#........K. #.
...........


You could see an endoplasm and a kobold.

Vanquished Creatures
  A frilled lizard (D:1)
  A rat (D:1)
2 creatures vanquished.

Notes
Turn   | Place    | Note
-------+----------+-------------------------------------------
     0 | D:1      | fragbeetle the Hill Orc Monk began the quest for the Orb.
     0 | D:1      | Reached XP level 1. HP: 19/19 MP: 1/1
    18 | D:1      | Slain by a kobold

Illustrated notes

Levels and vault maps discovered:
D:1:      minmay_arrival_radiant_lines, layout_basic, minmay_tetromino_s2

Action                   || total
-------------------------++-------
Melee: Hand axe          ||     9
       Punch             ||     1
Dodge: Dodged            ||     6

Table legend: (Time is in decaauts)
 A = Elapsed time spent in this place.
 B = Non-inter-level travel time spent in this place.
 C = Inter-level travel time spent in this place.
 D = Time resting spent in this place.
 E = Time spent auto-exploring this place.
 F = Levels seen in this place.
 G = Mean time per level.
                   A        B        C        D        E       F      G
               +--------+--------+--------+--------+--------+-----+--------+
         Total |     18 |     18 |      0 |      0 |      4 |   1 |   18.0 |
       Dungeon |     18 |     18 |      0 |      0 |      4 |   1 |   18.0 |
               +--------+--------+--------+--------+--------+-----+--------+

Top non-repeatable levels by time:
     D:1: 18 daAuts
